 Dungeon Crawl Stone Soup version 0.21.1-1-g345015fe64 (webtiles) character file.

57 Enjoyment the Skirmisher (level 3, 0/29 HPs)
             Began as a Demonspawn Berserker on June 21, 2018.
             Was a Believer of Trog.
             Slain by Grinder (7 damage)
             ... on level 3 of the Dungeon.
             The game lasted 00:05:34 (1893 turns).

Enjoyment the Skirmisher (Demonspawn Berserker)     Turns: 1893, Time: 00:05:35

Health: 0/29       AC: 13    Str: 18    XL:     3   Next: 73%
Magic:  3/3        EV:  6    Int:  8    God:    Trog [**....]
Gold:   38         SH:  0    Dex: 12    Spells: 2/2 levels left

rFire    . . .     SeeInvis .   a - +0 spear
rCold    . . .     Gourm    .   (no shield)
rNeg     . . .     Faith    .   j - +0 plate armour
rPois    .         Spirit   .   (helmet restricted)
rElec    .         Reflect  .   g - +0 cloak
rCorr    .         Harm     .   (no gloves)
MR       .....                  (no boots)
Stlth    ..........             (no amulet)
HPRegen  0.09/turn              (no ring)
MPRegen  0.08/turn              (no ring)

@: no status effects
A: horns 1, rugged brown scales 1
a: Berserk, Trog's Hand, Burn Spellbooks, Renounce Religion


You were on level 3 of the Dungeon.
You worshipped Trog.
Trog was pleased with you.
You were not hungry.

You visited 1 branch of the dungeon, and saw 3 of its levels.

You collected 38 gold pieces.

Inventory:

Hand Weapons
 a - a +0 spear (weapon)
Missiles
 d - a throwing net (quivered)
Armour
 b - a +0 animal skin
 g - a +0 cloak (worn)
 j - a +0 plate armour (worn)
Jewellery
 f - an uncursed ring of poison resistance {unknown}
 n - an uncursed ring of see invisible {unknown}
 o - an uncursed ring of poison resistance {unknown}
Scrolls
 e - 5 scrolls of identify {unknown}
 k - 2 scrolls of amnesia {unknown}
 l - a scroll of noise {unknown}
 p - a scroll of magic mapping {unknown}
 q - a scroll of immolation {unknown}
Potions
 h - a potion of resistance {unknown}
 i - a potion of degeneration {unknown}
 m - a potion of flight {unknown}
Comestibles
 c - 3 rations


   Skills:
 + Level 3.6 Fighting
 + Level 3.4 Polearms
 + Level 2.1 Armour
 + Level 2.1 Dodging
 + Level 0.1 Stealth


You had 2 spell levels left.
You didn't know any spells.

Dungeon Overview and Level Annotations

Branches:
Dungeon (3/15)

Altars:

Annotations:
D:3 Grinder


Innate Abilities, Weirdness & Mutations

You have a pair of small horns on your head.
You are partially covered in rugged brown scales. (AC +1, +3% HP)


Message History

Grinder gestures at you. Pain shoots through your body!
Grinder gestures at you. Pain shoots through your body!
You can move again.
An orc comes into view. It is wielding a club.
Grinder hits you.
An orc comes into view. It is wielding a hand axe.
You closely miss Grinder.
The orc shouts!
Grinder says, "I used to sell toenails on the black market."
Grinder hits you but does no damage.
You hit Grinder.
Grinder is lightly wounded.
Grinder hits you but does no damage. The orc hits you with a dagger.
* * * LOW HITPOINT WARNING * * *
You hit Grinder.
Grinder is lightly wounded.
Grinder hits you!
You die...

####### #.....# #.....#
#.....# #.....#######
####### ...†.........
.......
#.....###########o....#
#.....#.....<...@5....#
...................o....
#.....#...............##
#.....#.................
#.....#.................
#######..............o..
. #..........##..... .
############ ..... . ..


You could see Grinder and 3 orcs.

Vanquished Creatures
  An adder (D:2)
  An adder skeleton (D:2)
  A leopard gecko (D:1)
  3 ball pythons
  4 giant cockroaches
  6 hobgoblins
  4 jackals (D:1)
  A bat (D:2)
  A frilled lizard (D:1)
  6 goblins
  6 kobolds
  9 rats
43 creatures vanquished.

Notes
Turn   | Place    | Note
-------+----------+-------------------------------------------
     0 | D:1      | Enjoyment the Demonspawn Berserker began the quest for the Orb.
     0 | D:1      | Reached XP level 1. HP: 18/18 MP: 1/1
   220 | D:1      | Gained mutation: You have a pair of small horns on your head. [demonic ancestry]
   220 | D:1      | Reached XP level 2. HP: 6/24 MP: 2/2
   917 | D:2      | Gained mutation: You are partially covered in rugged brown scales. (AC +1, +3% HP) [demonic ancestry]
   917 | D:2      | Reached XP level 3. HP: 20/29 MP: 3/3
  1102 | D:2      | Reached ** piety under Trog
  1884 | D:3      | Noticed Grinder
  1884 | D:3      | Paralysed by Grinder for 6 turns
  1893 | D:3      | Slain by Grinder

Skill      XL: |  1  2  3 |
---------------+----------+-----
Polearms       | 3 |  3.4
Dodging        | 2 |  2.1
Armour         | 2 |  2.1
Fighting       | |  3.6
Stealth        | |  0.1

Action                   || total
-------------------------++-------
Melee: Spear             ||   158
       Headbutt          ||     9
  Eat: Chunk             ||     2
       Ration            ||     1
Armor: Animal skin       ||    14
       Plate armour      ||    84
Dodge: Dodged            ||    68
